 Dungeon Crawl Stone Soup version 0.22-a0-161-g198051c (webtiles) character file.

3147 wolfsongas the Covert (level 9, 0/67 HPs)
             Began as an Octopode Assassin on Feb 11, 2018.
             Was an Initiate of Yredelemnul.
             Slain by wolfdryt719's ghost (2 damage)
             ... on level 7 of the Dungeon.
             The game lasted 00:14:11 (8399 turns).

wolfsongas the Covert (Octopode Assassin)           Turns: 8399, Time: 00:14:11

Health: 0/67       AC:  2    Str: 11    XL:     9   Next: 93%
Magic:  8/8        EV: 13    Int: 14    God:    Yredelemnul [......]
Gold:   384        SH:  0    Dex: 13    Spells: 8/8 levels left

rFire    . . .     SeeInvis +   a - +5 dagger
rCold    . . .     Gourm    .   (no shield)
rNeg     . . .     Faith    .   (helmet restricted)
rPois    +         Spirit   .   (no amulet)
rElec    .         Reflect  .   j - +1 ring of protection
rCorr    .         Harm     .   l - ring of protection from magic
MR       +....                  h - ring of see invisible
Stlth    ++++++....             (no ring)
HPRegen  0.21/turn              (no ring)
MPRegen  0.11/turn              (no ring)
                                (no ring)
                                (no ring)

@: no status effects
A: almost no armour, stealthy swim, amphibious, 8 rings, constrict 8, camouflage
1, clumsy 1, low mp 1, poison resistance, gelatinous body 1
a: Renounce Religion


You were on level 7 of the Dungeon.
You worshipped Yredelemnul.
Yredelemnul was noncommittal.
You were not hungry.

You visited 2 branches of the dungeon, and saw 9 of its levels.

You collected 384 gold pieces.

Inventory:

Hand Weapons
 a - a +5 dagger (weapon)
 b - a +0 blowgun
Missiles
 c - 29 poisoned needles
 d - 2 curare-tipped needles
Jewellery
 h - a ring of see invisible (on tentacle)
 j - a +1 ring of protection (left tentacle)
 l - a ring of protection from magic (right tentacle)
Wands
 n - a wand of flame (34)
 s - a wand of iceblast (14)
Scrolls
 e - 2 scrolls of magic mapping
 g - a scroll of fog
 k - 8 scrolls of remove curse
 q - 2 scrolls of amnesia
 t - 3 scrolls of identify
 w - a scroll of teleportation
Potions
 i - a potion of brilliance
 m - a potion of cancellation
 o - 2 potions of curing
Comestibles
 f - 3 rations


   Skills:
 * Level 8.8 Fighting
 + Level 7.7 Short Blades
 - Level 2.0 Throwing
 - Level 1.0 Dodging
 + Level 11.6 Stealth


You had 8 spell levels left.
You didn't know any spells.

Dungeon Overview and Level Annotations

Branches:
Dungeon (8/15)             Temple (1/1) D:6
   Lair: D:8-11

Altars:
Ashenzari
Cheibriados
Dithmenos
Elyvilon
Fedhas
Gozag
Hepliaklqana
Kikubaaqudgha
Makhleb
Nemelex Xobeh
Okawaru
Qazlal
Sif Muna
Trog
Vehumet
Xom
Yredelemnul
The Shining One

Shops:
D:4 *   D:6 *

Annotations:
D:3 wolfsongas's ghost, amateur DsWn
D:7 wolfdryt719's ghost, novice HuFi


Innate Abilities, Weirdness & Mutations

You cannot wear most types of armour.
You are very stealthy in the water. (Stealth+)
You are amphibious.
You can wear up to eight rings at the same time.
You can use your tentacles to constrict eight enemies at once.
Your skin changes colour to match your surroundings (Stealth+).
Your rubbery body absorbs attacks. (AC +1, EV +1)
You are clumsy. (Dex -2)
Your magical capacity is low. (-10% MP)
Your system is resistant to poisons. (rPois)


Message History

You squeeze wolfdryt719's ghost, but do no damage.
Wolfdryt719's ghost is lightly damaged.
Wolfdryt719's ghost barely misses you.
You barely miss wolfdryt719's ghost.
Wolfdryt719's ghost is lightly damaged.
Wolfdryt719's ghost hits you!
* * * LOW HITPOINT WARNING * * *
x2 You hit wolfdryt719's ghost.
You squeeze wolfdryt719's ghost.
Wolfdryt719's ghost is moderately damaged.
You barely miss wolfdryt719's ghost.
Wolfdryt719's ghost is moderately damaged.
Wolfdryt719's ghost misses you.
You barely miss wolfdryt719's ghost.
Wolfdryt719's ghost is moderately damaged.
You hit wolfdryt719's ghost but do no damage.
Wolfdryt719's ghost is moderately damaged.
Wolfdryt719's ghost hits you!
* * * LOW HITPOINT WARNING * * *
You die...
Your body rises from the dead as a mindless zombie.

.......# #.#...# #.# #≈#.#≈# #.
.......####.#...# #.#####.#####.
....)))..W..#...# #..........[..
#############..#####......#######
..........................
#####.......#......#######
#.......#.###### #.......#.#
#....@W.#.# #.......#.##
#######'##....# ##........#....#
..........#....# ..........#....#
[..............# ...###.........#
## #.###.##.##


You could see wolfdryt719's ghost.

Vanquished Creatures
  A two-headed ogre (D:7)
  Prince Ribbit (D:7)
  A hornet (D:7)
  2 water moccasins (D:4)
  2 sky beasts
  3 phantoms
  An ogre (D:5)
  A bullfrog (D:6)
  3 scorpions
  5 killer bees (D:7)
  A howler monkey (D:6)
  2 crimson imps (D:7)
  A bullfrog skeleton (D:5)
  5 hounds
  3 orc priests
  Crazy Yiuf (D:2)
  A jelly (D:7)
  Jessica (D:3)
  Ijyb (D:3)
  3 iguanas
  A worker ant (D:5)
  5 orc wizards
  3 gnolls (D:7)
  4 adders
  2 shadow imps
  3 worms
  4 dart slugs
  4 leopard geckos
  35 orcs
  6 giant cockroaches
  11 hobgoblins
  8 jackals (D:1)
  2 quokkas
  9 bats
  2 frilled lizards
  8 goblins
  7 kobolds
  A leopard gecko skeleton (D:4)
  A quokka zombie (D:5)
  9 rats
164 creatures vanquished.

Notes
Turn   | Place    | Note
-------+----------+-------------------------------------------
     0 | D:1      | wolfsongas the Octopode Assassin began the quest for the Orb.
     0 | D:1      | Reached XP level 1. HP: 14/14 MP: 1/1
    60 | D:1      | Reached XP level 2. HP: 16/19 MP: 2/2
   497 | D:1      | Reached XP level 3. HP: 22/24 MP: 3/3
   929 | D:2      | Reached skill level 6 in Stealth
  1138 | D:2      | Reached XP level 4. HP: 28/29 MP: 4/4
  1529 | D:2      | Gained mutation: You are clumsy. (Dex -2) [potion of mutation]
  1529 | D:2      | Gained mutation: Your magical capacity is low. (-10% MP) [potion of mutation]
  1529 | D:2      | Gained mutation: Your system is resistant to poisons. (rPois) [potion of mutation]
  1731 | D:2      | Found a runed door.
  1735 | D:2      | Noticed Crazy Yiuf
  1738 | D:2      | Killed Crazy Yiuf
  1922 | D:3      | Reached XP level 5. HP: 34/34 MP: 4/4
  2086 | D:3      | Noticed Jessica
  2583 | D:3      | Reached skill level 7 in Stealth
  2618 | D:3      | Killed Jessica
  2795 | D:3      | Reached XP level 6. HP: 27/41 MP: 5/5
  2810 | D:3      | Noticed Ijyb
  2822 | D:3      | Killed Ijyb
  3096 | D:3      | Noticed wolfsongas's ghost (amateur DsWn)
  3375 | D:4      | Noticed a phantom
  3390 | D:4      | Got a pair of bloodstained gloves
  3399 | D:4      | Killed a phantom
  3399 | D:4      | Reached skill level 8 in Stealth
  3557 | D:4      | Found an iron altar of Okawaru.
  3605 | D:4      | Found Kuiph's Serpentskin Sales.
  3605 | D:4      | Noticed a water moccasin
  3605 | D:4      | Noticed a water moccasin
  3618 | D:4      | Killed a water moccasin
  3618 | D:4      | Reached skill level 5 in Short Blades
  3618 | D:4      | Reached XP level 7. HP: 21/46 MP: 6/6
  3785 | D:4      | Got a faintly humming ring mail
  3835 | D:4      | Identified the +1 pair of gloves of Courage {rElec rC- rCorr Str+4} (You found it on level 4 of the Dungeon)
  3836 | D:4      | Identified the +5 ring mail of Precision Catastrophes {Dex+2} (You found it on level 4 of the Dungeon)
  3990 | D:5      | Entered Level 5 of the Dungeon
  4009 | D:5      | Reached skill level 9 in Stealth
  4504 | D:5      | Found a radiant altar of Vehumet.
  4806 | D:5      | Reached XP level 8. HP: 22/54 MP: 7/7
  5067 | D:5      | Reached skill level 5 in Fighting
  5091 | D:5      | Found a burning altar of Makhleb.
  5373 | D:6      | Found an ancient bone altar of Kikubaaqudgha.
  5883 | D:6      | Reached skill level 10 in Stealth
  5966 | D:6      | Found a staircase to the Ecumenical Temple.
  6017 | Temple   | Entered the Ecumenical Temple
  6264 | Temple   | Became a worshipper of Yredelemnul the Dark
  6363 | D:6      | Found Ungek's Assorted Antiques.
  6838 | D:7      | Identified the Almanac of the Glacier and Translocation
  7017 | D:7      | Noticed Prince Ribbit
  7029 | D:7      | Reached XP level 9. HP: 22/63 MP: 8/8
  7052 | D:7      | HP: 3/63 [hound (5)]
  7053 | D:7      | HP: 1/63 [hound (2)]
  7258 | D:7      | Killed Prince Ribbit
  7933 | D:7      | Found a shadowy altar of Dithmenos.
  7934 | D:7      | Noticed a two-headed ogre
  7935 | D:7      | Noticed a hornet
  7936 | D:7      | Killed a two-headed ogre
  7936 | D:7      | Reached skill level 11 in Stealth
  7941 | D:7      | Killed a hornet
  8001 | D:7      | Got a heavily runed helmet
  8002 | D:7      | Identified the +2 helmet of Past Mistakes {rPois Int+4 SInv} (You found it on level 7 of the Dungeon)
  8080 | D:7      | Noticed wolfdryt719's ghost (novice HuFi)
  8399 | D:7      | HP: 2/67 [wolfdryt719's ghost (7)]
  8399 | D:7      | Slain by wolfdryt719's ghost

Vault maps used:
D:1:      ncdulo_smallfort, minmay_misc_feat_iff, corner_web_ring, st_stairs_8
D:2:      first_ration, uniq_crazy_yiuf_cottage
D:3:      nicolae_ru_awakened_eye, lemuel_statue_altar, uniq_jessica, uniq_ijyb
D:4:      kennysheep_okawaru_gauntlet, guppyfry_shop_venom
D:5:      old_standard_altar, vehumet_altar_wand_db
D:6:      old_standard_altar, minmay_temple_entry_water_ring, serial_shops,
          nicolae_shop_competitors_out_of_business
D:7:      marbit_many_paths, nicolae_overflow_crystal_walls,
          chequers_temple_overflow_minitemple, serial_aquarium,
          aquarium_bridge_straight, aquarium_window_1, aquarium_window_fake,
          aquarium_view_2d, uniq_prince_ribbit1
D:8:      basic_altar, serial_shops, shop_fountains,
          nicolae_shop_temple_entry_statues_fountains, shop, shop_fountains,
          grunt_ogre_cave
Temple:   oiseaux_autumnal_temple

Skill      XL: |  1  2  3  4  5  6  7  8  9 |
---------------+----------------------------+-----
Short Blades   | 3 4 5 6 7 |  7.7
Stealth        | 6 7 8 9 10 11 | 11.6
Fighting       | 3 4 6 8 |  8.8
Throwing       | |  2.0
Dodging        | |  1.0

Action                   |  1- 3 |  4- 6 |  7- 9 || total
-------------------------+-------+-------+-------++-------
Melee: Dagger            |    70 |   124 |   289 ||   483
       Constrict         |    20 |    29 |    50 ||    99
       Tentacles         |    12 |    21 |    55 ||    88
 Fire: Blowgun           |       |     4 |       ||     4
Evoke: Wand              |       |     9 |     5 ||    14
  Use: Scroll            |     6 |     7 |    16 ||    29
       Potion            |       |     2 |     3 ||     5
 Stab: Sleeping          |    14 |     4 |    14 ||    32
       Distracted        |     1 |       |       ||     1
  Eat: Chunk             |     1 |     1 |     4 ||     6
       Ration            |       |     2 |     3 ||     5
Armor: Skin              |     3 |    13 |    44 ||    60
Dodge: Dodged            |    30 |    58 |   143 ||   231

Table legend:
 A = Spawn XP
 B = Non-spawn XP
 C = Spawn XP percentage of total XP
 D = Spawn monster count
 E = Non-spawn monster count
 F = Spawn count percentage of total count
 G = Total turns spent on level
                    A         B        C        D         E        F      G
               +---------+---------+-------+---------+---------+-------+---------
         Total |       0 |    4497 |   0.0 |       0 |     163 |   0.0 |  8399
               +---------+---------+-------+---------+---------+-------+---------
           D:1 |       0 |      62 |   0.0 |       0 |      33 |   0.0 |   913
           D:2 |       0 |     100 |   0.0 |       0 |      26 |   0.0 |  1473
           D:3 |       0 |     202 |   0.0 |       0 |      21 |   0.0 |   773
           D:4 |       0 |     445 |   0.0 |       0 |       9 |   0.0 |   831
           D:5 |       0 |     693 |   0.0 |       0 |      30 |   0.0 |  1380
           D:6 |       0 |     623 |   0.0 |       0 |      20 |   0.0 |  1111
           D:7 |       0 |    2372 |   0.0 |       0 |      24 |   0.0 |  1438
               +---------+---------+-------+---------+---------+-------+---------
